 Dungeon Crawl Stone Soup version 0.22.1 (webtiles) character file.

3077 Starchild the Carver (level 10, -9/70 HPs)
             Began as a Formicid Fighter on Sept 16, 2018.
             Was a Follower of Uskayaw.
             Mangled by a troll (17 damage)
             ... on level 8 of the Dungeon on Sept 18, 2018.
             The game lasted 00:33:42 (10241 turns).

Starchild the Carver (Formicid Fighter)            Turns: 10241, Time: 00:33:46

Health: -9/70      AC:  7    Str: 21    XL:     10   Next: 12%
Magic:  12/12      EV: 11    Int:  8    God:    Uskayaw [*.....]
Gold:   394        SH: 11    Dex: 11    Spells: 9/9 levels left

rFire    . . .     SeeInvis +   K - +7 war axe of Armageddon {elec, -Tele rElec rPois Dex-2}
rCold    . . .     Gourm    .   c - +0 shield
rNeg     . . .     Faith    .   g - +3 leather armour {rPois}
rPois    +         Spirit   .   (helmet unavailable)
rElec    +         Reflect  .   i - scarf {cloud immunity}
rCorr    +         Harm     .   (no gloves)
MR       +....                  y - +0 pair of boots
Stlth    +.........             (no amulet)
HPRegen  0.21/turn              m - ring of resist corrosion
MPRegen  0.13/turn              (no ring)

@: no status effects
A: permanent stasis, dig shafts and tunnels, four strong arms, antennae 3
a: Dig, Shaft Self, Stomp, Renounce Religion


You were on level 8 of the Dungeon.
You worshipped Uskayaw.
Uskayaw was noncommittal.
You were hungry.

You visited 1 branch of the dungeon, and saw 9 of its levels.

You collected 394 gold pieces.

Inventory:

Hand Weapons
 a - a +0 long sword
 p - the +4 war axe of Qushrafe {flame, rF+ rN+ Dex+2}
   (You found it on level 7 of the Dungeon)

   It has been specially enchanted to burn those struck by it, causing extra
   injury to most foes and up to half again as much damage against particularly
   susceptible opponents.
   Big, fiery blades are also staple armaments of hydra-hunters.
   It affects your dexterity (+2).
   It protects you from fire.
   It protects you from negative energy.
 K - the +7 war axe of Armageddon (weapon) {elec, -Tele rElec rPois Dex-2}
   (You found it on level 8 of the Dungeon)

   Occasionally, upon striking a foe, it will discharge some electrical energy
   and cause terrible harm.
   It affects your dexterity (-2).
   It insulates you from electricity.
   It protects you from poison.
   It prevents most forms of teleportation.
Missiles
 r - 12 javelins
 t - 29 tomahawks (quivered)
 w - 3 throwing nets
Armour
 b - a +0 scale mail
 c - a +0 shield (worn)
 g - a +3 leather armour of poison resistance (worn)
 i - a scarf of cloud immunity (worn)
 y - a +0 pair of boots (worn)
Jewellery
 m - a ring of resist corrosion (left hand)
Wands
 x - a wand of acid (13)
 D - a wand of random effects (28)
 L - a wand of clouds (5)
Scrolls
 e - 3 scrolls of blinking {unknown}
 j - a scroll of acquirement {unknown}
 k - 3 scrolls of magic mapping
 s - a scroll of enchant weapon {unknown}
 z - a scroll of brand weapon {unknown}
 A - a scroll of noise {unknown}
 E - a scroll of fog {unknown}
 F - a scroll of immolation {unknown}
 I - 2 scrolls of remove curse
Potions
 d - 2 potions of might
 h - 3 potions of curing
 n - a potion of magic
 o - a potion of ambrosia {unknown}
 q - a potion of flight {unknown}
 u - a potion of brilliance
 v - a potion of invisibility {unknown}
 B - a potion of agility {unknown}
 C - a potion of resistance {unknown}
 G - a potion of lignification
 H - 3 potions of mutation {unknown}
 J - a potion of heal wounds {unknown}
Comestibles
 f - 11 rations


   Skills:
 - Level 3.2 Fighting
 - Level 10.9 Long Blades
 * Level 2.8 Axes
 - Level 3.2 Armour
 - Level 9.0 Shields
 * Level 2.8 Invocations


You had 9 spell levels left.
You didn't know any spells.
Your spell library contained the following spells:

 Spells                   Type           Power        Failure   Level  Hunger
 Animate Skeleton         Necr           N/A          45%         1    ##.....
 Apportation              Tloc           #.....       45%         1    ##.....
 Confusing Touch          Hex            #.....       45%         1    ##.....
 Summon Small Mammal      Summ           #...         45%         1    ##.....


Dungeon Overview and Level Annotations

Branches:
Dungeon (9/15)             Temple (0/1) D:7
   Lair: D:8-11         Orc: D:9-12

Altars:
Ashenzari
Dithmenos
Fedhas
Hepliaklqana
Makhleb
Okawaru
Sif Muna
Trog
Uskayaw


Innate Abilities, Weirdness & Mutations

You cannot be hasted, slowed, berserked, paralysed or teleported.
You can dig through walls and to a lower floor.
Your four strong arms can wield two-handed weapons with a shield.
You have a pair of large antennae on your head. (SInv)


Message History

The troll bites you! The troll claws you. The troll closely misses you.
The orc shouts!
You hear a shout!
The two-headed ogre hits you with a giant club!
The two-headed ogre barely misses you. You block the troll's attack.
The troll closely misses you. The troll barely misses you.
You climb upwards.
There is a stone staircase leading down here.
The two-headed ogre hits you with a giant club! x2
* * * LOW HITPOINT WARNING * * *
You block the two-headed ogre's attack.
The two-headed ogre hits you with a giant club.
* * * LOW HITPOINT WARNING * * *
You hit the troll.
The troll is lightly wounded.
The troll bites you.
* * * LOW HITPOINT WARNING * * *
You block the troll's attack. The troll claws you.
* * * LOW HITPOINT WARNING * * *
The troll bites you!
You die...

##.## ##..#..###....###.># #.##
### ##..###.........#..## #.[#
##..####..........O## ##.#
##..####...##....#..# ##.#
#..####..####...###.# ####...
#..##...## #..## ### #......
##......## #O.# #####..#...
#..##....####T## #.....###..
##.####....##@# #.##..###..
#...###.......# #.###..#..#
#.............## ###..##.....#
##..#...........###............
###..##...##(.......#..##........
#.....#..###....###...####..._...
#..###....##...####....##........
#.## ##....#..## #...............
..# #......## ##.####..##.....#


You could see a two-headed ogre and a troll.

Vanquished Creatures
  Eustachio (D:6)
  Edmund (D:4)
  3 orc warriors (D:8)
  2 ice beasts (D:7)
  2 sky beasts
  An eye of draining (D:3)
  3 ogres
  A centaur (D:8)
  A gnoll sergeant (D:7)
  5 bullfrogs
  2 scorpions
  A bullfrog zombie (D:6)
  A centaur zombie (D:8)
  A jelly (D:5)
  A quasit (D:5)
  A hound (D:6)
  7 orc wizards
  A gnoll shaman (D:4)
  4 orc priests
  2 centaur skeletons
  A bullfrog skeleton (D:6)
  Crazy Yiuf (D:4)
  3 iguanas
  6 worker ants
  3 hound skeletons
  Robin (D:2)
  A howler monkey zombie (D:6)
  10 gnolls
  9 adders
  2 shadow imps
  4 oozes
  2 worms
  2 dart slugs
  4 leopard geckos
  42 orcs
  4 giant cockroaches
  13 goblins
  11 hobgoblins
  9 jackals
  8 kobolds
  A quokka (D:2)
  A ball python (D:1)
  9 bats
  3 frilled lizards
  A jackal skeleton (D:4)
  2 leopard gecko skeletons
  7 rats
  A bush (D:2)
202 creatures vanquished.

Notes
Turn   | Place    | Note
-------+----------+-------------------------------------------
     0 | D:1      | Starchild the Formicid Fighter began the quest for the Orb.
     0 | D:1      | Reached XP level 1. HP: 18/18 MP: 1/1
    78 | D:1      | Reached XP level 2. HP: 17/24 MP: 2/2
   275 | D:1      | Reached skill level 3 in Long Blades
   459 | D:1      | Reached XP level 3. HP: 29/29 MP: 3/3
  1380 | D:2      | Reached skill level 4 in Long Blades
  1380 | D:2      | Reached XP level 4. HP: 25/35 MP: 4/4
  1585 | D:2      | Noticed Robin
  1602 | D:2      | Killed Robin
  1608 | D:2      | Reached XP level 5. HP: 26/41 MP: 5/5
  1793 | D:2      | Reached skill level 5 in Long Blades
  1819 | D:2      | Found a deep blue altar of Sif Muna.
  2257 | D:3      | Found a bloodstained altar of Trog.
  2257 | D:3      | Noticed an eye of draining
  2283 | D:3      | Killed an eye of draining
  2283 | D:3      | Reached XP level 6. HP: 47/47 MP: 0/6
  2723 | D:3      | Reached skill level 6 in Long Blades
  3244 | D:4      | Noticed an ogre
  3246 | D:4      | Noticed Edmund
  3258 | D:4      | You fall through a shaft for 3 floors!
  3468 | D:7      | Noticed an ice beast
  3545 | D:5      | Entered Level 5 of the Dungeon
  3586 | D:5      | Found a shattered altar of Ashenzari.
  3586 | D:5      | Found an iron altar of Okawaru.
  3586 | D:5      | Noticed an ogre
  3587 | D:5      | Found a hazy altar of Hepliaklqana.
  3588 | D:5      | Found a hide-covered altar of Uskayaw.
  3588 | D:5      | Found a blossoming altar of Fedhas.
  3588 | D:5      | Found a burning altar of Makhleb.
  3595 | D:5      | Killed an ogre
  3595 | D:5      | Reached XP level 7. HP: 52/52 MP: 7/7
  3603 | D:5      | Became a worshipper of Uskayaw the Reveler
  3636 | D:5      | Reached * piety under Uskayaw
  3647 | D:5      | Reached skill level 7 in Long Blades
  3676 | D:5      | Reached ** piety under Uskayaw
  4160 | D:5      | Reached skill level 5 in Shields
  4709 | D:4      | Reached XP level 8. HP: 58/58 MP: 8/8
  4718 | D:4      | Reached *** piety under Uskayaw
  4731 | D:4      | Reached **** piety under Uskayaw
  4741 | D:4      | Reached ***** piety under Uskayaw
  4873 | D:4      | Reached skill level 8 in Long Blades
  5905 | D:4      | Killed Edmund
  5905 | D:4      | Reached skill level 9 in Long Blades
  6196 | D:4      | Found a runed door.
  6200 | D:4      | Noticed Crazy Yiuf
  6207 | D:4      | Killed Crazy Yiuf
  6401 | D:6      | Reached XP level 9. HP: 33/64 MP: 4/9
  6903 | D:6      | Noticed Eustachio
  6926 | D:6      | Killed Eustachio
  7122 | D:7      | Reached skill level 10 in Long Blades
  7691 | D:7      | Upgraded the game from 0.22.0-78-g6c94d2c to 0.22.1
  7936 | D:7      | Found a staircase to the Ecumenical Temple.
  7974 | D:7      | Got a warped war axe
  8788 | D:8      | Found a shadowy altar of Dithmenos.
  9109 | D:8      | Got a shimmering war axe
  9119 | D:8      | Identified the +4 war axe of Qushrafe {flame, rF+ rN+
                  | Dex+2} (You found it on level 7 of the Dungeon)
  9120 | D:8      | Identified the +7 war axe of Armageddon {elec, -Tele rElec
                  | rPois Dex-2} (You found it on level 8 of the Dungeon)
  9212 | D:8      | Reached skill level 1 in Invocations
  9310 | D:8      | Reached skill level 1 in Axes
  9310 | D:8      | Reached XP level 10. HP: 14/70 MP: 6/11
 10226 | D:9      | Noticed a two-headed ogre
 10241 | D:8      | Mangled by a troll

Skill      XL: |  1  2  3  4  5  6  7  8  9 10 |
---------------+-------------------------------+-----
Long Blades    | 3 4 5 6 7 9 10 | 10.9
Shields        | 4 5 7 9 |  9.0
Invocations    | 1 2 |  2.8
Axes           | 1 2 |  2.8
Fighting       | |  3.2
Armour         | |  3.2

Action                   |  1- 3 |  4- 6 |  7- 9 | 10-12 || total
-------------------------+-------+-------+-------+-------++-------
Melee: Long sword        |   181 |   184 |   538 |       ||   903
       War axe           |       |       |    23 |    18 ||    41
Throw: Tomahawk          |       |       |    28 |    10 ||    38
Invok: Line Pass         |       |       |     2 |       ||     2
       Stomp             |       |       |     9 |     1 ||    10
 Abil: Dig               |     2 |     5 |     3 |       ||    10
       Shaft Self        |       |     1 |       |       ||     1
  Use: Scroll            |       |       |     9 |       ||     9
       Potion            |       |       |     3 |       ||     3
 Stab: Paralysed         |       |       |     6 |     3 ||     9
  Eat: Chunk             |     2 |     6 |    17 |     2 ||    27
       Ration            |       |     1 |     1 |       ||     2
Armor: Scale mail        |    51 |    65 |   149 |       ||   265
       Leather armour    |       |       |    31 |     2 ||    33
Dodge: Dodged            |    39 |    45 |   194 |    11 ||   289
Block: Shield            |    59 |   100 |   308 |    13 ||   480
       Rpst.: Long sword |    10 |    18 |    36 |       ||    64
